 Dungeon Crawl Stone Soup version 0.21.1-1-g345015f (webtiles) character file.

3804 kae the Martial Artist (level 9, -1/74 HPs)
             Began as a Demonspawn Monk on Apr 21, 2018.
             Was a Priest of Wu Jian.
             Slain by an orc knight
             ... wielding a +0 war axe
              (10 damage)
             ... in a bailey.
             The game lasted 00:18:09 (14081 turns).

kae the Martial Artist (Demonspawn Monk)           Turns: 14081, Time: 00:18:10

Health: -1/74      AC:  8    Str: 13    XL:     9   Next: 96%
Magic:  9/9        EV: 14    Int: 11    God:    Wu Jian [***...]
Gold:   501        SH:  3    Dex: 18    Spells: 8/8 levels left

rFire    + . .     SeeInvis .     - Unarmed
rCold    + . .     Gourm    .   (no shield)
rNeg     . . .     Faith    .   p - +0 ring mail
rPois    .         Spirit   .   a - +0 helmet
rElec    .         Reflect  +   s - +0 cloak
rCorr    .         Harm     .   (no gloves)
MR       .....                  (boots unavailable)
Stlth    +.........             m - +3 amulet of reflection
HPRegen  0.22/turn              q - ring of protection from cold
MPRegen  0.11/turn              (no ring)

@: flying
A: talons 3, fire resistance 1, sturdy frame 3
a: Wall Jump, Serpent's Lash, Renounce Religion


You were in a bailey.
You worshipped Wu Jian.
Wu Jian was most pleased with you.
You were hungry.

You visited 2 branches of the dungeon, and saw 11 of its levels.
You also visited: Ossuary and Bailey.

You collected 501 gold pieces.

Inventory:

Hand Weapons
 c - a +0 club
 h - a +0 dagger of freezing
Armour
 a - a +0 helmet (worn)
 p - a +0 ring mail (worn)
 s - a +0 cloak (worn)
Jewellery
 e - an uncursed ring of ice
 l - an uncursed amulet of rage
 m - a +3 amulet of reflection (around neck)
 q - a ring of protection from cold (left hand)
 t - an uncursed ring of fire
Wands
 d - a wand of iceblast (9)
 u - a wand of disintegration (12)
Scrolls
 f - 4 scrolls of identify
 j - 9 scrolls of remove curse
 k - a scroll of teleportation
Potions
 g - a potion of berserk rage
 i - 2 potions of brilliance
 n - a potion of magic
 o - 4 potions of flight
 r - a potion of mutation
 v - 2 potions of lignification
Comestibles
 b - 13 rations


   Skills:
 + Level 8.1 Fighting
 + Level 3.6 Armour
 + Level 4.7 Dodging
 - Level 1.7 Stealth
 * Level 10.1 Unarmed Combat


You had 8 spell levels left.
You didn't know any spells.

Dungeon Overview and Level Annotations

Branches:
Dungeon (10/15)            Temple (1/1) D:7
   Lair: D:8-11         Orc: D:9-12

Altars:
Ashenzari
Cheibriados
Dithmenos
Fedhas
Gozag
Hepliaklqana
Kikubaaqudgha
Makhleb
Nemelex Xobeh
Okawaru
Qazlal
Ru
Sif Muna
Trog
Uskayaw
Vehumet
Wu Jian
Xom
Yredelemnul
Zin
The Shining One
Jiyva

Annotations:
D:4 Verendum's ghost, novice MiGl
D:8 Feta's ghost, novice DEFE
D:9 1 transporter


Innate Abilities, Weirdness & Mutations

You have claws for feet.
Your flesh is heat resistant. (rF+)
Your movements are significantly less encumbered by armour. (ER -6)


Message History

* * * LOW HITPOINT WARNING * * *
Okay, then.
Okay, then.
The orc knight hits you with a war axe.
* * * LOW HITPOINT WARNING * * *
You spin and attack the orc knight repeatedly.
You barely miss the orc knight.
The orc knight is heavily wounded.
You barely miss the orc knight.
The orc knight is heavily wounded.
There is a fountain of clear blue water here.
You are feeling hungry.
You enter the shallow water.
Moving in this stuff is going to be slow.
The orc knight cheers to no one in particular.
Items here: ( )) [[ ÷
Okay, then.
You feel very buoyant.
You fly up into the air.
The orc knight hits you with a war axe!
You die...

##.....#### ##..(....###
#..∩(.....####
#.......(.....####
#≈≈≈≈≈≈≈≈≈(.......###
≈≈≈≈≈≈≈≈≈≈≈≈≈≈.......##
≈≈≈#########≈≈≈≈≈......##
≈≈K#..goggg#∩≈≈≈≈≈≈≈....###
## #...Koo.####)@≈≈≈≈≈≈≈≈≈
####o####..#.o...≈≈≈≈≈≈ ..
....###......#≈ ###..+
#.....### #.K###.......##
#..#....⌠.....#
##'#)(.......##
####..().......##
.......((....####


You could see an orc knight.

Vanquished Creatures
  4 yaks (D:9)
  A hungry ghost (D:9)
  A water moccasin (D:5)
  4 orc warriors
  A sky beast (D:6)
  2 black bears
  A phantom (D:8)
  A centaur (D:9)
  A big kobold (D:7)
  A wyvern zombie (D:8)
  3 bullfrogs
  2 scorpions
  A howler monkey (D:4)
  5 wights (D:9)
  A bullfrog zombie (D:9)
  3 crimson imps
  3 hounds
  A quasit (D:6)
  2 bullfrog skeletons (D:7)
  10 orc priests
  2 centaur skeletons
  9 orc wizards
  Terence (D:3)
  3 worker ants
  A killer bee zombie (D:7)
  2 big kobold zombies (Ossuary)
  A hound skeleton (D:10)
  18 gnolls
  8 adders
  3 shadow imps
  An adder zombie (D:9)
  An adder skeleton (D:7)
  4 worms
  3 dart slugs
  4 leopard geckos (D:3)
  26 orcs
  7 giant cockroaches
  4 gnoll zombies (Ossuary)
  11 goblins
  10 hobgoblins
  16 jackals
  2 quokkas
  13 bats
  6 frilled lizards
  2 goblin zombies (Ossuary)
  2 hobgoblin zombies (Ossuary)
  15 kobolds
  5 kobold zombies (Ossuary)
  2 leopard gecko zombies (D:5)
  7 orc zombies (Ossuary)
  2 quokka zombies
  4 rats
  A spectral orc (D:5)
244 creatures vanquished.

Notes
Turn   | Place    | Note
-------+----------+-------------------------------------------
     0 | D:1      | kae the Demonspawn Monk began the quest for the Orb.
     0 | D:1      | Reached XP level 1. HP: 18/18 MP: 1/1
   201 | D:1      | Reached skill level 3 in Unarmed Combat
   264 | D:1      | Gained mutation: You have sharp toenails. [demonic ancestry]
   264 | D:1      | Reached XP level 2. HP: 21/24 MP: 2/2
   956 | D:1      | Gained mutation: You have razor-sharp toenails. [demonic ancestry]
   956 | D:1      | Reached XP level 3. HP: 21/29 MP: 3/3
  1787 | D:2      | Reached skill level 4 in Unarmed Combat
  1790 | D:2      | Gained mutation: Your movements are slightly less encumbered by armour. (ER -2) [demonic ancestry]
  1790 | D:2      | Reached XP level 4. HP: 35/37 MP: 4/4
  3367 | D:3      | Reached XP level 5. HP: 25/42 MP: 5/5
  3585 | D:3      | Found a faded altar of an unknown god.
  3627 | D:3      | Found a shimmering altar of Xom.
  4031 | D:3      | Reached skill level 5 in Unarmed Combat
  4137 | D:3      | Found an opulent altar of Gozag.
  4218 | D:3      | Noticed Terence
  4231 | D:3      | HP: 1/43 [Terence/hand axe (5)]
  4874 | D:3      | Killed Terence
  5198 | D:4      | Gained mutation: Your movements are less encumbered by armour. (ER -4) [demonic ancestry]
  5198 | D:4      | Reached XP level 6. HP: 33/49 MP: 6/6
  5239 | D:4      | Found a snail-covered altar of Cheibriados.
  5250 | D:4      | Found a shadowy altar of Dithmenos.
  5333 | D:4      | Found an ancient bone altar of Kikubaaqudgha.
  5333 | D:4      | Found a hide-covered altar of Uskayaw.
  5431 | D:4      | Found a sand-covered staircase.
  5440 | Ossuary  | Entered an ossuary
  6236 | D:4      | Found an iron altar of Okawaru.
  6289 | D:4      | Reached skill level 5 in Fighting
  6289 | D:4      | Reached skill level 6 in Unarmed Combat
  6645 | D:4      | Noticed Verendum's ghost (novice MiGl)
  7091 | D:5      | Entered Level 5 of the Dungeon
  7165 | D:5      | Gained mutation: Your flesh is heat resistant. (rF+) [demonic ancestry]
  7165 | D:5      | Reached XP level 7. HP: 49/56 MP: 7/7
  8112 | D:5      | Found a basalt altar of Yredelemnul.
  8348 | D:5      | Reached skill level 7 in Unarmed Combat
  9055 | D:6      | Gained mutation: Your movements are significantly less encumbered by armour. (ER -6) [demonic ancestry]
  9055 | D:6      | Reached XP level 8. HP: 44/64 MP: 8/8
  9263 | D:6      | Found a sparkling altar of Nemelex Xobeh.
  9543 | D:7      | Found a staircase to the Ecumenical Temple.
  9550 | D:7      | Reached skill level 8 in Unarmed Combat
  9564 | Temple   | Entered the Ecumenical Temple
  9623 | Temple   | Became a worshipper of the Wu Jian Council
  9623 | Temple   | Reached * piety under Wu Jian
  9623 | Temple   | Reached ** piety under Wu Jian
 10652 | D:8      | Noticed Feta's ghost (novice DEFE)
 11004 | D:8      | Reached skill level 1 in Armour
 11013 | D:8      | Found a hazy altar of Hepliaklqana.
 11272 | D:9      | Found a transporter.
 11320 | D:9      | Reached skill level 9 in Unarmed Combat
 11575 | D:9      | Gained mutation: You have claws for feet. [demonic ancestry]
 11575 | D:9      | Reached XP level 9. HP: 68/72 MP: 9/9
 11868 | D:9      | Found a viscous altar of Jiyva.
 12446 | D:9      | Reached *** piety under Wu Jian
 12714 | D:9      | Found an iron altar of Okawaru.
 13546 | D:9      | Reached skill level 10 in Unarmed Combat
 13627 | D:10     | Entered Level 10 of the Dungeon
 13790 | D:10     | Found a flagged portal.
 13825 | Bailey   | Entered a bailey
 13840 | Bailey   | Noticed an orc knight
 14081 | Bailey   | Slain by an orc knight

Skill      XL: |  1  2  3  4  5  6  7  8  9 |
---------------+----------------------------+-----
Unarmed Combat | 3 4 5 6 7 9 10 | 10.1
Fighting       | 4 5 6 7 8 |  8.1
Dodging        | 3 4 |  4.7
Armour         | 1 3 |  3.6
Stealth        | |  1.7

Action                   |  1- 3 |  4- 6 |  7- 9 || total
-------------------------+-------+-------+-------++-------
Melee: Club              |    89 |       |       ||    89
       Unarmed           |     7 |       |   542 ||   549
       Punch             |     3 |    14 |    21 ||    38
       Kick              |    22 |   130 |   170 ||   322
       Dagger            |    54 |   409 |     7 ||   470
Invok: Lunge             |       |       |    25 ||    25
       Whirlwind         |       |       |    38 ||    38
       Wall Jump         |       |       |    29 ||    29
Evoke: Wand              |       |       |     2 ||     2
  Use: Scroll            |     1 |     8 |    10 ||    19
       Potion            |       |     4 |     8 ||    12
 Stab: Sleeping          |     4 |     8 |     6 ||    18
       Distracted        |     1 |     2 |     1 ||     4
  Eat: Chunk             |     3 |    13 |    13 ||    29
       Ration            |       |     1 |     3 ||     4
Armor: Robe              |    55 |    42 |    24 ||   121
       Ring mail         |       |       |    92 ||    92
Dodge: Dodged            |   153 |   222 |   270 ||   645
Block: Other             |       |    35 |    60 ||    95
       Reflection        |       |     2 |     4 ||     6
